 Dungeon Crawl Stone Soup version 0.27.1-34-g3ba077fa99 (webtiles) character file.

Game seed: 2458572238964382148

2257 Arum the Fighter (level 9, -1/81 HPs)
             Began as a Formicid Fighter on Jan 9, 2022.
             Was a Believer of Ashenzari.
             Slain by Harold (18 damage)
             ... on level 7 of the Dungeon.
             The game lasted 00:11:23 (8033 turns).

Arum the Fighter (Formicid Fighter)                 Turns: 8033, Time: 00:11:24

Health: -1/81      AC:  9    Str: 23    XL:     9   Next: 64%
Magic:  9/9        EV:  9    Int:  9    God:    Ashenzari [**....]
Gold:   230        SH: 11    Dex: 13    Spells: 8/8 levels left

rFire    . . .     SeeInvis +   r - +4 mace "Igintad" {speed, Dex+3}
rCold    . . .     Faith    +   c - +0 kite shield "At What Cost Knowledge?" {Melee, Fort} (curse)
rNeg     . . .     Spirit   .   t - +1 scale mail {rPois}
rPois    +         Reflect  .   (helmet unavailable)
rElec    .         Harm     .   D - +0 cloak of Ashenzari's Affliction {Self, Melee} (curse)
rCorr    .         Rampage  .   (no gloves)
Will     .....                  (no boots)
Stlth    ..........             j - amulet "Elysian Negation" {Faith, Evo, Self} (curse)
HPRegen  0.23/turn              m - ring of flight
MPRegen  0.11/turn              (no ring)

@: marked, flying
A: permanent stasis, dig shafts and tunnels, antennae 3, four strong arms
a: Dig, Shaft Self, Renounce Religion, Shatter the Chains


You were on level 7 of the Dungeon.
You worshipped Ashenzari.
Ashenzari was pleased with you.
You visited 1 branch of the dungeon, and saw 7 of its levels.
You also visited: Sewer.

You collected 506 gold pieces.
You spent 276 gold pieces at shops.

Inventory:

Hand Weapons
 a - a +0 quarterstaff
 r - the +4 mace "Igintad" (weapon) {speed, Dex+3}
   (You found it on level 5 of the Dungeon)

   Attacks with this weapon are significantly faster.
   Dex:       It affects your dexterity (+3).
 B - the +10 great mace of Yggaet {flame, Str+2 Stlth+}
   (You bought it in a shop on level 6 of the Dungeon)

   It burns those it strikes, dealing additional fire damage.
   Str:       It affects your strength (+2).
   Stlth:     It makes you more stealthy.
Missiles
 k - a throwing net
Armour
 c - the cursed +0 kite shield "At What Cost Knowledge?" (worn) {Melee, Fort}

   It has a curse which improves the following skills: Melee Combat: Short
   Blades, Long Blades, Axes, Maces & Flails, Polearms, Staves and Unarmed
   Combat.
   Fortitude: Armour and Shields.
 t - a +1 scale mail of poison resistance (worn)
 D - the cursed +0 cloak of Ashenzari's Affliction (worn) {Self, Melee}
   (You found it on level 7 of the Dungeon)

   It has a curse which improves the following skills: Introspection: Fighting
   and Spellcasting.
   Melee Combat: Short Blades, Long Blades, Axes, Maces & Flails, Polearms,
   Staves and Unarmed Combat.
Jewellery
 j - the cursed amulet "Elysian Negation" (around neck) {Faith, Evo, Self}
   (You found it on level 2 of the Dungeon)

   [amulet of faith]

   It allows you to gain divine favour quickly.
   It has a curse which improves the following skills: Evocations: Evocations.
   Introspection: Fighting and Spellcasting.
 m - a ring of flight (left hand)
 s - a ring of fire
 y - a ring of fire
Wands
 l - a wand of mindburst (14)
 n - a wand of polymorph (11)
 p - a wand of iceblast (3)
 C - a wand of acid (12)
Scrolls
 e - a scroll of fog
 g - a scroll of silence
 h - 2 scrolls of summoning
 o - a scroll of torment
 u - a scroll of enchant weapon
 v - a scroll of magic mapping
 w - a scroll of fear
Potions
 b - 2 potions of cancellation
 d - 3 potions of might
 f - 3 potions of curing
 i - 4 potions of lignification
 q - a potion of invisibility
 x - 3 potions of mutation
 z - 2 potions of brilliance
 A - 2 potions of attraction


   Skills:
 + Level 9.3(11.4) Fighting
 + Level 5.5(8.7) Maces & Flails
 - Level 5.7(8.8) Staves
 - Level 3.2(4.5) Armour
 + Level 7.0(8.5) Shields


You had 8 spell levels left.
You didn't know any spells.
Your spell library contained the following spells:

 Spells                   Type           Power      Damage    Failure   Level
 Apportation              Tloc           0%         N/A       73%         1
 Beastly Appendage        Tmut           0%         N/A       73%         1
 Wereblood                Tmut           0%         N/A       86%         2
 Gell's Gravitas          Tloc           0%         N/A       97%         3
 Lesser Beckoning         Tloc           0%         N/A       97%         3
 Spider Form              Tmut/Pois      0%         N/A       97%         3
 Teleport Other           Tloc           0%         N/A       97%         3
 Alistair's Intoxication  Tmut/Pois      0%         N/A       100%        5
 Manifold Assault         Tloc           0%         N/A       100%        5
 Invisibility             Hex            0%         N/A       100%        6
 Blink                    Tloc           Unusable   N/A       N/A         2

Dungeon Overview and Level Annotations

Branches:
Dungeon (7/15)             Temple (0/1) D:5           Sewer (visited)

Altars:
Ashenzari
Xom

Shops:
D:4 (   D:6 (

Annotations:
D:4 1 runed translucent door, Coyote68's ghost, amateur DrTm
D:6 3 runed translucent doors, Discosetron's ghost, novice SpEn; diceflayer's ghost, novice MiFi
D:7 Harold


Innate Abilities, Weirdness & Mutations

You cannot be hasted, slowed, berserked, paralysed or teleported.
You can dig through walls and to a lower floor.
You have a pair of large antennae on your head. (SInv)
Your four strong arms can wield two-handed weapons with a shield.


Message History

Harold is moderately wounded.
Harold hits you with a +2 vorpal war axe.
You hit Harold.
Harold is heavily wounded.
You block Harold's attack.
You hit Harold but do no damage.
Harold is moderately wounded.
You barely miss Harold.
Harold is moderately wounded.
Harold gestures at you while chanting. The mark upon you grows brighter.
You hit Harold.
Harold is heavily wounded.
Harold points at you and mumbles some strange words.
The mark upon you grows brighter.
You barely miss Harold.
Harold is heavily wounded.
You hit Harold but do no damage.
Harold is heavily wounded.
Harold hits you with a +2 vorpal war axe!!
You sock Harold!
Harold is heavily wounded.
You hit Harold.
Harold is severely wounded.
You block Harold's attack.
You hit Harold but do no damage.
Harold is severely wounded.
Harold hits you with a +2 vorpal war axe!
* * * LOW HITPOINT WARNING * * *
x2 You barely miss Harold.
Harold is severely wounded.
You hit Harold.
Harold is severely wounded.
Harold says, "I was hoping my final job would be more of a challenge, but money is money."
Harold gestures at you while chanting. The mark upon you grows brighter.
You hit Harold.
Harold is severely wounded.
Harold hits you with a +2 vorpal war axe!!
You die...

######### #.......#
#.......# #.......#
#.......#
#.......##### *** *
#....@....... .....##
#..?.@...##* #......
#.........# #....#*
#..[..!.#.## #....###
#..........####.......
########.#...##.......
#.#............
#.####.........
#..#####....... ##.,..
#.###...


You could see Harold.

Vanquished Creatures
  An ogre (D:7)
  2 black bears
  A necrophage (D:6)
  2 sky beasts
  3 centaurs
  A kobold brigand (D:6)
  2 scorpions
  3 bullfrogs
  A water moccasin zombie (D:6)
  4 wights (D:6)
  2 howler monkeys
  A jelly (D:5)
  7 hounds
  2 orc priests
  Terence (D:2)
  3 iguanas
  5 orc wizards
  2 mummies
  A hound skeleton (D:4)
  6 adders
  A shadow imp (D:7)
  3 white imps (D:6)
  2 ufetubi
  3 worms
  3 dart slugs
  15 orcs
  10 ball pythons
  6 bats
  7 endoplasms
  11 giant cockroaches
  13 hobgoblins
  A jackal (D:4)
  4 quokkas
  6 frilled lizards
  5 goblins
  2 goblin zombies (D:5)
  A hobgoblin zombie (D:7)
  29 kobolds
  2 kobold zombies (D:7)
  An orc zombie (D:7)
  5 rats
180 creatures vanquished.

Vanquished Creatures (others)
  A plant (Sewer)
  A withered plant (D:6)
2 creatures vanquished.

Grand Total: 182 creatures vanquished

Notes
Turn   | Place    | Note
-------+----------+-------------------------------------------
     0 | D:1      | Arum the Formicid Fighter began the quest for the Orb.
     0 | D:1      | Reached XP level 1. HP: 18/18 MP: 1/1
   119 | D:1      | Reached XP level 2. HP: 19/24 MP: 2/2
   319 | D:1      | Reached XP level 3. HP: 25/30 MP: 3/3
   373 | D:1      | Found a faded altar of an unknown god.
   397 | D:1      | Became a worshipper of Ashenzari the Shackled
  1080 | D:2      | Noticed Terence
  1101 | D:2      | Killed Terence
  1102 | D:2      | Reached skill level 4 in Fighting
  1102 | D:2      | Reached XP level 4. HP: 9/37 MP: 4/4
  1360 | D:2      | Reached * piety under Ashenzari
  1886 | D:3      | Reached XP level 5. HP: 40/44 MP: 5/5
  2302 | D:4      | Reached skill level 5 in Shields
  2490 | D:4      | Found a runed translucent door.
  2491 | D:4      | Noticed Coyote68's ghost (amateur DrTm)
  2539 | D:4      | Reached XP level 6. HP: 52/52 MP: 6/6
  2637 | D:4      | Reached skill level 5 in Fighting
  2948 | D:4      | Found a shimmering altar of Xom.
  3000 | D:4      | Found Efidur Jutt's Weapon Emporium.
  3212 | D:4      | Reached XP level 7. HP: 44/59 MP: 7/7
  4108 | D:5      | Entered Level 5 of the Dungeon
  4277 | D:5      | Found a sand-covered staircase.
  4378 | D:5      | Reached ** piety under Ashenzari
  4490 | D:5      | Reached skill level 6 in Fighting
  4527 | D:5      | Found a staircase to the Ecumenical Temple.
  4532 | D:5      | Reached skill level 5 in Staves
  4541 | D:5      | Reached XP level 8. HP: 55/69 MP: 8/8
  4891 | D:5      | Identified the +4 mace "Igintad" {speed, Dex+3}
  5104 | D:5      | Reached skill level 7 in Fighting
  5104 | D:5      | Reached skill level 1 in Maces & Flails
  5848 | D:6      | Found a glowing drain.
  5871 | Sewer    | Entered a sewer
  6293 | D:6      | Reached XP level 9. HP: 76/76 MP: 9/9
  6315 | D:6      | Reached skill level 8 in Fighting
  6706 | D:6      | Found Myfa's Antique Weapon Boutique.
  7083 | D:6      | Reached skill level 9 in Fighting
  7083 | D:6      | Reached skill level 5 in Maces & Flails
  7294 | D:6      | Found a runed translucent gate.
  7295 | D:6      | Found a runed translucent gate.
  7295 | D:6      | Found a runed translucent gate.
  7295 | D:6      | Noticed Discosetron's ghost (novice SpEn)
  7295 | D:6      | Noticed diceflayer's ghost (novice MiFi)
  7436 | D:6      | Bought an iridescent great mace for 276 gold pieces
  7436 | D:6      | Identified the +10 great mace of Yggaet {flame, Str+2
                  | Stlth+} (You bought it in a shop on level 6 of the Dungeon)
  8004 | D:7      | Noticed Harold
  8033 | D:7      | Slain by Harold

Illustrated notes

Levels and vault maps discovered:
D:1:      onia_arrival_mini_spirals, layout_loops_ring,
          chequers_ecumenical_altar_simple
D:2:      layout_loops_ring, nrook_mini_backslash,
          chequers_serial_rivers_micro_d, grunt_decor_one_mirror,
          minmay_statues_item, minmay_distorted, uniq_terence
D:3:      layout_rooms
D:4:      layout_basic, tgw_xom, serial_shops, nicolae_shop_trees,
          hellmonk_ghost_happy_afterlife, grunt_decor_fettered,
          chequers_serial_rivers_micro_b, hangedman_minor_gate_pass
D:5:      layout_basic, minmay_temple_entry_wispy, nicolae_ossuary_entry_giza
D:6:      layout_basic, gammafunk_ghost_cemetery, gup_sewer_entry_bubbles,
          hangedman_abyss_or_decor_lesser_grid, nicolae_take_the_stairs,
          st_stairs_14
D:7:      layout_rooms, kennysheep_little_box, minivault_19,
          minmay_mini_ossuary, uniq_harold

Skill      XL: |  1  2  3  4  5  6  7  8  9 |
---------------+----------------------------+-----
Shields        | 4 5 6 7 |  7.0
Fighting       | 4 5 6 7 9 |  9.3
Staves         | 3 4 5 |  5.7
Maces & Flails | 3 5 |  5.5
Armour         | |  3.2

Action                   |  1- 3 |  4- 6 |  7- 9 || total
-------------------------+-------+-------+-------++-------
Melee: Quarterstaff      |   108 |   148 |   103 ||   359
       Mace              |       |       |   304 ||   304
Invok: Curse Item        |     1 |     1 |     2 ||     4
       Shatter the Chain |       |       |     1 ||     1
 Abil: Dig               |     1 |       |     8 ||     9
  Use: Potion            |       |       |     2 ||     2
Armor: Scale mail        |    42 |    60 |    90 ||   192
Dodge: Dodged            |    40 |    55 |    94 ||   189
Block: Kite shield       |    55 |    71 |   155 ||   281
